 Dungeon Crawl Stone Soup version 0.27.1-36-g1b1ada6b1e (webtiles) character file.

Game seed: 6088621935960035602

26 Mickster the Bolt Thrower (level 2, 0/23 HPs)
             Began as a Demigod Wanderer on Feb 8, 2023.
             Frozen to death by an endoplasm (4 damage)
             ... on level 1 of the Dungeon.
             The game lasted 00:10:22 (472 turns).

Mickster the Bolt Thrower (Demigod Wanderer)         Turns: 472, Time: 00:10:22

Health: 0/23       AC:  6    Str: 15    XL:     2   Next: 69%
Magic:  4/4        EV: 10    Int: 12    God:
Gold:   20         SH:  0    Dex: 13    Spells: 1/1 levels left

rFire    . . .     SeeInvis .   g - +0 whip
rCold    . . .     Faith    .   (no shield)
rNeg     . . .     Spirit   .   b - +1 ring mail
rPois    .         Reflect  .   (no helmet)
rElec    .         Harm     .   (no cloak)
rCorr    .         Rampage  .   (no gloves)
Will     .....                  (no boots)
Stlth    +.........             (no amulet)
HPRegen  0.07/turn              (no ring)
MPRegen  0.09/turn              (no ring)

@: no status effects
A: high mp 1, forlorn
a: no special abilities


You were on level 1 of the Dungeon.
You visited 1 branch of the dungeon, and saw 1 of its levels.

You collected 20 gold pieces.

Inventory:

Hand Weapons
 a - a +0 hand crossbow
 g - a +0 whip (weapon)
Missiles
 c - 13 arrows
 d - 20 bolts
 e - 25 stones
Armour
 b - a +1 ring mail (worn)


   Skills:
 + Level 1.0 Fighting
 + Level 1.0 Maces & Flails
 + Level 4.3 Crossbows
 + Level 1.8 Armour
 + Level 0.1 Dodging
 + Level 1.0 Stealth
 + Level 1.0 Evocations


You had one spell level left.
You didn't know any spells.
Your spell library was empty.

Dungeon Overview and Level Annotations

Branches:
Dungeon (1/15)


Innate Abilities, Weirdness & Mutations

Your attributes grow dramatically as you level up.
You have an increased reservoir of magic. (+10% MP)
You shall have no god before yourself.


Message History

The quokka is lightly wounded.
The quokka bites you but does no damage.
The kobold hits you with a +0 whip.
You hit the quokka but do no damage.
The quokka is lightly wounded.
The quokka barely misses you. The kobold hits you but does no damage.
You barely miss the quokka.
The quokka bites you but does no damage.
The kobold closely misses you.
The quokka bites you but does no damage.
You barely miss the quokka. The kobold hits you with a +0 whip.
The quokka bites you but does no damage.
You barely miss the quokka. The quokka closely misses you.
The kobold misses you.
You hit the quokka.
The quokka is almost dead.
The quokka bites you.
* * * LOW HITPOINT WARNING * * *
A hobgoblin comes into view.
The kobold barely misses you.
You hit the quokka.
You kill the quokka!
The kobold misses you. The ball python misses you. The ball python grabs you.
The ball python constricts you.
You barely miss the ball python. The kobold hits you but does no damage.
The ball python barely misses you. The ball python constricts you.
You hit the ball python.
You kill the ball python!
You closely miss the kobold. The endoplasm freezes you.
You are frozen.
* * * LOW HITPOINT WARNING * * *
Unknown command.
You barely miss the kobold. The kobold closely misses you.
The endoplasm hits you but does no damage.
You barely miss the kobold. The kobold hits you but does no damage.
The kobold barely misses you. The endoplasm freezes you.
You are frozen.
You die...

... # #..# ...#
.# ..## # ....##.
...# # ......
...# # .... #.. #
#.g## #?# #
#JK###.# #
#@K..!# # ####.##
# #.#.###### ###
..###...†.#####..
###
#.####........
#.#####.#####.#
#..............
#############.#
#..


You could see an endoplasm, a hobgoblin and 2 kobolds.

Vanquished Creatures
  A bat (D:1)
  An endoplasm (D:1)
  3 goblins (D:1)
  2 hobgoblins (D:1)
  4 jackals (D:1)
  2 quokkas (D:1)
  3 ball pythons (D:1)
  3 frilled lizards (D:1)
  3 kobolds (D:1)
  2 rats (D:1)
24 creatures vanquished.

Notes
Turn   | Place    | Note
-------+----------+-------------------------------------------
     0 | D:1      | Mickster the Demigod Wanderer began the quest for the Orb.
     0 | D:1      | Mickster set off with the following items: a +0 hand
                  | crossbow, a +0 ring mail, a wand of flame (15), 25 bolts
     0 | D:1      | Reached XP level 1. HP: 16/16 MP: 3/3
   109 | D:1      | Reached skill level 4 in Crossbows
   115 | D:1      | Reached XP level 2. HP: 19/23 MP: 4/4
   472 | D:1      | Frozen to death by an endoplasm

Illustrated notes

Levels and vault maps discovered:
D:1:      eino_arrival_tree_alley, layout_loops_ring, basic_ecumenical_altar,
          minmay_bisected

Skill      XL: |  1 |
---------------+----+-----
Crossbows      | 4 |  4.3
Fighting       | |  1.0
Maces & Flails | |  1.0
Armour         | |  1.8
Dodging        | |  0.1
Stealth        | |  1.0
Evocations     | |  1.0

Action                   || total
-------------------------++-------
Melee: Whip              ||    71
 Fire: Hand crossbow     ||     8
Evoke: Wand              ||    15
  Use: Scroll            ||     1
       Potion            ||     1
Armor: Ring mail         ||    42
Dodge: Dodged            ||    58
